 Dungeon Crawl Stone Soup version 0.17.1-1-g73c8601 (webtiles) character file.

147 DeXoteric the Changer (level 5, -2/33 HPs)
             Began as an Octopode Transmuter on Dec 13, 2015.
             Slain by Grinder (5 damage)
             ... on level 3 of the Dungeon.
             The game lasted 00:06:51 (3348 turns).

DeXoteric the Changer (Octopode Transmuter)         Turns: 3348, Time: 00:06:51

Health: -2/33      AC:  1    Str:  9    XL:     5   Next: 29%
Magic:  7/8        EV: 12    Int: 17    God:
Gold:   150        SH:  0    Dex: 12    Spells: 3 memorised, 0 levels left

rFire  . . .     SeeInvis .       - Unarmed
rCold  . . .     Clarity  .     (no shield)
rNeg   . . .     SustAt   .     (helmet restricted)
rPois  .         Gourm    .     (no amulet)
rElec  .         Spirit   .     (no ring)
rCorr  .         Warding  .     (no ring)
rMut   .         Stasis   .     (no ring)
MR     .....                    (no ring)
Stlth  ++........               (no ring)
                                (no ring)
                                (no ring)
                                (no ring)

@: appendage, not resistant to hostile enchantments, unstealthy
A: almost no armour, amphibious, 8 rings, constrict 8, tentacle spike 3,
camouflage 1, gelatinous body 1
a: End Transformation


You were on level 3 of the Dungeon.
You were hungry.
One of your tentacles had a temporary spike.
You visited 1 branch of the dungeon, and saw 3 of its levels.

You collected 150 gold pieces.

Inventory:

Missiles
 a - 12 arrows
 p - 10 arrows of frost
Wands
 o - a wand of fireball (10)
 x - a wand of hasting (2)
Scrolls
 d - 4 scrolls of enchant armour
 f - 2 scrolls of immolation {unknown}
 i - a scroll of recharging {unknown}
 k - 2 scrolls of remove curse {unknown}
 l - a scroll of blinking {unknown}
 n - a scroll of teleportation {unknown}
 r - 2 scrolls of noise {unknown}
 t - 2 scrolls of fog {unknown}
 u - a scroll of magic mapping {unknown}
 v - a scroll of identify {unknown}
Potions
 e - a potion of resistance {unknown}
 g - a potion of curing {unknown}
 h - 3 potions of heal wounds {unknown}
 j - a potion of cure mutation {unknown}
 m - a potion of degeneration {unknown}
 q - a potion of flight {unknown}
 s - a potion of cancellation {unknown}
 w - a potion of beneficial mutation {unknown}
Books
 b - a book of Changes

   Spells                             Type                      Level
   a - Beastly Appendage              Transmutation                1
   b - Sticks to Snakes               Transmutation                2
   c - Spider Form                    Transmutation/Poison         3
   d - Ice Form                       Ice/Transmutation            4
   e - Blade Hands                    Transmutation                5
Comestibles
 c - 4 bread rations


   Skills:
 - Level 1.0 Fighting
 - Level 2.0 Dodging
 - Level 3.0 Unarmed Combat
 - Level 2.0 Spellcasting
 + Level 5.3 Transmutations


You couldn't memorise any spells.
You knew the following spells:

 Your Spells              Type           Power        Failure   Level  Hunger
a - Beastly Appendage     Trmt           ###...       2%          1    #......
b - Blade Hands           Trmt           ###.......   71%         5    ######.
s - Sticks to Snakes      Trmt           ###.......   3%          2    ###....


Dungeon Overview and Level Annotations

Branches:
Dungeon (3/15)

Altars:
Elyvilon

Annotations:
D:2 Crazy Yiuf
D:3 Grinder


Innate Abilities, Weirdness & Mutations

You cannot wear most types of armour.
You are amphibious.
You can wear up to eight rings at the same time.
You can use your tentacles to constrict eight enemies at once.
Your skin changes colour to match your surroundings (Stealth).
Your rubbery body absorbs attacks (AC +1).
One of your tentacles bears a large vicious spike.


Message History

You tentacle-slap Grinder but do no damage.
You grab Grinder.
You constrict Grinder, but do no damage.
Grinder barely misses you.
You tentacle-slap Grinder but do no damage.
You squeeze Grinder.
You constrict Grinder, but do no damage.
Grinder hits you.
You writhe in agony.
You barely miss Grinder. You constrict Grinder. Grinder hits you.
You writhe in agony.
* * * LOW HITPOINT WARNING * * *
An orc comes into view. It is wielding a flail.
The orc shouts!
You tentacle-slap Grinder.
You pierce Grinder, but do no damage.
You constrict Grinder.
The orc moves out of view.
Grinder says, "DUCK!"
Grinder hits you!
* * * LOW HITPOINT WARNING * * *
You writhe in agony.
You die...

#....!# ## ....##....).#
##......... .##.###.....#
#....#####. #.###.....#####
...(..####.###..##.........#
....[............#..........#
..............##.............#
.....[......o.)o.............#
..............#5###..........#
... #x###..........# .
#...)..........#
######.#....#### #..###....#
##.######.## #..#####..##
#......<#... #.........##.
##........[..


You could see Grinder and an orc.

Vanquished Creatures
  Natasha (thrice) (D:2)
  4 gnolls (D:2)
  2 adders
  2 oozes
  A worm (D:2)
  An orc (D:3)
  5 giant cockroaches
  5 goblins
  5 hobgoblins
  5 kobolds
  2 quokkas
  2 bats
  5 giant newts
  9 rats
51 creatures vanquished.

Notes
Turn   | Place    | Note
--------------------------------------------------------------
     0 | D:1      | DeXoteric the Octopode Transmuter began the quest for the Orb.
     0 | D:1      | Reached XP level 1. HP: 13/13 MP: 3/3
   226 | D:1      | Reached XP level 2. HP: 16/18 MP: 5/5
   957 | D:2      | Learned a level 2 spell: Sticks to Snakes
  1053 | D:2      | Reached XP level 3. HP: 8/23 MP: 6/6
  1445 | D:2      | Noticed Crazy Yiuf
  1600 | D:2      | Found a white marble altar of Elyvilon.
  1838 | D:2      | Noticed Natasha
  1849 | D:2      | Killed Natasha
  1849 | D:2      | Reached skill level 4 in Transmutations
  1849 | D:2      | Reached XP level 4. HP: 21/28 MP: 5/7
  2038 | D:2      | Noticed Natasha
  2493 | D:2      | Killed Natasha
  2612 | D:2      | Reached skill level 5 in Transmutations
  2612 | D:2      | Reached XP level 5. HP: 29/33 MP: 6/8
  2640 | D:2      | Noticed Natasha
  2645 | D:2      | Killed Natasha
  2748 | D:2      | Learned a level 5 spell: Blade Hands
  3049 | D:3      | Noticed Grinder
  3348 | D:3      | Slain by Grinder

Action                   |  1- 3 |  4- 6 || total
-------------------------+-------+-------++-------
Melee: Unarmed           |    82 |    65 ||   147
 Cast: Beastly Appendage |     1 |     6 ||     7
  Use: Scroll            |       |     1 ||     1
 Stab: Sleeping          |     5 |     4 ||     9
  Eat: Chunk             |     3 |     4 ||     7
